 Dungeon Crawl Stone Soup version 0.14-a0-629-g748cab2 (webtiles) character file.

2779 Malachi the Grappler (level 9, -6/69 HPs)
             Began as a Yellow Draconian Transmuter on Nov 5, 2013.
             Mangled by an orc warrior
             ... wielding a +0,+2 orcish war axe
              (9 damage)
             ... while paralysed by a giant eyeball
             ... on Level 7 of the Dungeon.
             The game lasted 00:26:07 (9872 turns).

Malachi the Grappler (Yellow Draconian Transmuter)  Turns: 9872, Time: 00:26:07

HP  -6/69        AC 11     Str 13      XL: 9   Next: 24%
MP  13/13        EV  2     Int 17      God:
Gold 346         SH  0     Dex 11      Spells:  4 memorised,  2 levels left

Res.Fire  : . . .   See Invis. : .     - Unarmed
Res.Cold  : . . .   Warding    : .   (armour unavailable)
Life Prot.: . . .   Conserve   : .   (no shield)
Res.Poison: .       Res.Corr.  : +   (helmet restricted)
Res.Elec. : .       Clarity    : .   p - +0 cloak
Sust.Abil.: . .     Spirit.Shd : .   B - +2 pair of dwarf gauntlets
Res.Mut.  : .       Stasis     : .   (no boots)
Res.Rott. : .       Flight     : .   (no amulet)
Saprovore : . . .                    (no ring)
                                     c - ring of teleport control

@: appendage (expiring), paralysed, short of breath, slightly resistant to
hostile enchantments, unstealthy
A: spit acid, acid resistance, unfitting armour, horns 2, AC +7
a: Spit Acid, End Transformation, Evoke Teleport Control


You were on level 7 of the Dungeon.
You were not hungry.
You had grown temporary horns.
You visited 1 branch of the dungeon, and saw 7 of its levels.
You also visited: Sewer and Ossuary.

You collected 346 gold pieces.

Inventory:

Hand weapons
 F - a +0,+0 spear
Missiles
 b - 8 arrows
 e - 25 poisoned needles
 h - 8 curare-tipped needles
 r - 2 throwing nets (quivered)
Armour
 p - a +0 cloak (worn)
 B - a +2 pair of dwarven gauntlets (worn)
Magical devices
 i - a wand of flame (0)
Comestibles
 a - 6 bread rations
 s - a rambutan
 t - 2 chunks of worker ant flesh
 x - 2 chunks of hobgoblin flesh
 A - 5 rotting chunks of centaur flesh
Scrolls
 f - a scroll of fear
 k - a scroll of curse weapon {unknown}
 m - 2 scrolls of teleportation
 n - 2 scrolls of magic mapping
 o - a scroll of recharging {unknown}
 y - 4 scrolls of remove curse
 z - 3 scrolls of amnesia
 E - a scroll of blinking
 G - a scroll of enchant weapon II
Jewellery
 c - a ring of teleport control (left hand)
Potions
 g - 4 potions of curing
 j - a potion of slowing {unknown}
 l - 2 potions of agility {unknown}
 q - a potion of experience {unknown}
 u - 2 potions of resistance {unknown}
 v - 2 potions of restore abilities
 w - 3 potions of might
 C - a potion of poison {unknown}
 D - a potion of paralysis {unknown}
 H - a potion of cure mutation
 I - a potion of berserk rage {unknown}
 N - a potion of heal wounds
 O - 2 potions of beneficial mutation {unknown}
 P - 2 potions of flight
Books
 d - a book of Changes

   Spells                             Type                      Level
   *Beastly Appendage                 Transmutation                1
   *Sticks to Snakes                  Transmutation                2
   *Spider Form                       Transmutation/Poison         3
   *Ice Form                          Ice/Transmutation            4
   Blade Hands                        Transmutation                5


   Skills:
 - Level 4.1 Fighting
 - Level 6.5 Dodging
 + Level 8.4 Unarmed Combat
 - Level 2.0 Spellcasting
 * Level 6.0 Transmutations
 * Level 0.2 Ice Magic


You had 2 spell levels left.
You knew the following spells:

 Your Spells              Type           Power        Failure   Level  Hunger
a - Beastly Appendage     Trmt           ###...       1%          1    #......
b - Sticks to Snakes      Trmt           ###.......   2%          2    ##.....
c - Spider Form           Trmt/Pois      ##........   17%         3    ####...
d - Ice Form              Ice/Trmt       ##........   58%         4    #####..


Dungeon Overview and Level Annotations

Branches:
Dungeon (7/27)             Temple (0/1) D:6             Orc (0/4) D:6

Altars:
Sif Muna
Xom
Yredelemnul


Innate Abilities, Weirdness & Mutations

You can spit globs of acid.*
You can corrode armour when you spit acid.*
You are resistant to acid.*
Your golden yellow scales are hard (AC +7).*
Your body does not fit into most forms of armour.
Your cold-blooded metabolism reacts poorly to cold.
You have a pair of horns on your head.*


Message History

The acid corrodes the orc warrior's orcish chain mail!
The orc warrior is heavily wounded.
You feel somewhat more hungry.
The orc warrior hits you with an orcish war axe.
You closely miss the orc warrior. Your headbutt misses the orc warrior.
The orc warrior is heavily wounded.
You barely miss the orc warrior. Your headbutt misses the orc warrior.
The orc warrior is heavily wounded.
The orc wizard's eyes start to glow.
The orc warrior hits you with an orcish war axe!
You barely miss the orc warrior.
The orc warrior is heavily wounded.
The giant eyeball stares at you.
You suddenly lose the ability to move!
The orc warrior hits you with an orcish war axe!
Your transformation is almost over.
The orc warrior hits you with an orcish war axe!
* * * LOW HITPOINT WARNING * * *
The orc wizard's eyes start to glow.
The orc warrior hits you with an orcish war axe!
You die...

.# #.# .#
#.# .# #.#
.. #.# ##
#.# #.# #.#
#
#.########.#
#...@o.G?..#
#.#####o####
#.#
#.........
#.#
##oo.....
..# .######
### .# .# .#
.#


You could see an orc warrior, a giant eyeball and an orc wizard.

Vanquished Creatures
  Eustachio (D:5)
  2 hungry ghosts (D:6)
  3 phantoms (D:5)
  An ogre (D:6)
  3 ice beasts
  2 centaurs (D:6)
  Sigmund (D:6)
  A big kobold (Sewer)
  A giant frog (D:6)
  2 troll zombies (D:6)
  4 wights (D:6)
  A giant frog zombie (D:6)
  2 crimson imps
  2 iguanas
  A quasit (D:6)
  2 hounds
  2 orc priests
  A big fish (Sewer)
  A giant frog skeleton (D:4)
  An orc wizard (D:3)
  5 worker ants
  4 ogre zombies (D:6)
  A hound skeleton (D:5)
  A mummy (Ossuary)
  5 adders
  A gnoll (D:6)
  A green rat (Sewer)
  A giant mite (D:6)
  2 worms
  An adder skeleton (D:3)
  A grey rat (Sewer)
  2 giant geckos
  11 orcs
  16 bats
  5 giant cockroaches
  6 goblins
  11 hobgoblins
  11 jackals
  13 kobolds
  A quokka (D:4)
  2 ball pythons
  2 giant newts
  6 gnoll skeletons (Ossuary)
  2 gnoll zombies (Ossuary)
  4 goblin skeletons
  5 goblin zombies
  A hobgoblin skeleton (Ossuary)
  3 hobgoblin zombies (Ossuary)
  2 kobold skeletons (Ossuary)
  6 kobold zombies (Ossuary)
  6 orc skeletons
  18 orc zombies
  14 rats
  3 rat skeletons (Ossuary)
  3 rat zombies
210 creatures vanquished.

Vanquished Creatures (collateral kills)
  A goliath beetle (D:5)
  Crazy Yiuf (D:3)
  A mummy (Ossuary)
  An adder (D:5)
  A worm (D:5)
  An orc (D:5)
  A quokka (D:5)
  A bat (D:5)
  2 rats (D:5)
10 creatures vanquished.

Vanquished Creatures (others)
  Menkaure (Ossuary)
  A mummy (Ossuary)
  2 goblin skeletons (Ossuary)
  3 hobgoblin skeletons (Ossuary)
  A hobgoblin zombie (Ossuary)
  A kobold zombie (Ossuary)
  An orc skeleton (Ossuary)
  An orc zombie (Ossuary)
  3 rat skeletons (Ossuary)
14 creatures vanquished.

Grand Total: 234 creatures vanquished

Notes
Turn   | Place    | Note
--------------------------------------------------------------
     0 | D:1      | Malachi, the Draconian Transmuter, began the quest for the Orb.
     0 | D:1      | Reached XP level 1. HP: 16/16 MP: 1/1
   172 | D:1      | Reached XP level 2. HP: 17/23 MP: 3/3
   739 | D:2      | Found a shimmering altar of Xom.
   739 | D:2      | Found a basalt altar of Yredelemnul.
   944 | D:2      | Reached XP level 3. HP: 20/28 MP: 4/4
  1142 | D:2      | Found a deep blue altar of Sif Muna.
  1656 | D:3      | Reached skill level 4 in Unarmed Combat
  1773 | D:3      | Noticed Crazy Yiuf
  1778 | D:3      | Learned a level 2 spell: Sticks to Snakes
  1791 | D:3      | Paralysed by Crazy Yiuf for 4 turns
  1795 | D:3      | Killed Crazy Yiuf
  1795 | D:3      | Reached XP level 4. HP: 5/35 MP: 1/6
  2161 | D:3      | Found a deep blue altar of Sif Muna.
  2689 | D:3      | Reached XP level 5. HP: 22/41 MP: 7/7
  3532 | D:4      | HP: 2/41 [poisoned by an adder]
  4036 | D:4      | Reached XP level 6. HP: 48/48 MP: 9/9
  4037 | D:4      | Found a sand-covered staircase.
  4041 | Ossuary  | Entered an ossuary
  4336 | Ossuary  | Killed Menkaure
  4399 | Ossuary  | Reached skill level 5 in Unarmed Combat
  4852 | D:5      | Entered Level 5 of the Dungeon
  5824 | D:5      | Noticed Eustachio
  5850 | D:5      | Killed Eustachio
  5850 | D:5      | Your scales start taking on a golden yellow colour.
  5850 | D:5      | Reached XP level 7. HP: 41/55 MP: 1/10
  6431 | D:5      | Reached skill level 6 in Unarmed Combat
  6431 | D:5      | Reached skill level 5 in Transmutations
  6540 | D:5      | Learned a level 3 spell: Spider Form
  6901 | D:6      | Reached XP level 8. HP: 45/62 MP: 12/12
  6932 | D:6      | Found a staircase to the Orcish Mines.
  6963 | D:6      | Reached skill level 5 in Dodging
  7249 | D:6      | Noticed Sigmund
  7549 | D:6      | Killed Sigmund
  7704 | D:6      | Reached skill level 7 in Unarmed Combat
  7705 | D:6      | Found a glowing drain.
  7746 | Sewer    | Entered a sewer
  7879 | Sewer    | Found a white marble altar of Elyvilon.
  8034 | D:6      | Found a staircase to the Ecumenical Temple.
  9189 | D:6      | Reached XP level 9. HP: 69/69 MP: 13/13
  9244 | D:6      | Reached skill level 8 in Unarmed Combat
  9821 | D:7      | Learned a level 4 spell: Ice Form
  9869 | D:7      | Paralysed by a giant eyeball for 4 turns
  9871 | D:7      | HP: 2/69 [orc warrior/orcish war axe (24)]
  9872 | D:7      | Mangled by an orc warrior

Action                   |  1- 3 |  4- 6 |  7- 9 || total
-------------------------+-------+-------+-------++-------
Melee: Unarmed           |   175 |   380 |   500 ||  1055
 Cast: Sticks to Snakes  |     2 |    26 |     4 ||    32
       Beastly Appendage |     1 |     9 |    18 ||    28
       Spider Form       |       |       |     2 ||     2
 Abil: Spit Acid         |       |       |    26 ||    26
       Evoke Teleport Co |       |       |     1 ||     1
  Use: Potion            |       |     3 |     4 ||     7
       Scroll            |       |    16 |     3 ||    19
 Stab: Sleeping          |     1 |       |     2 ||     3
